Cogmind - Beta 13 @@@ ROGUE MODE // 2024.05.07 @ 17:33:21 Player: BVrutally Odd Result: Destroyed by NC-7GZ(R) with Subdweller Machine Gun Performance ------------- Evolutions (0) 0 Regions Visited (2) 400 Robots Destroyed (23) 115 Value Destroyed (560) 560 Prototype IDs (0) 0 Alien Tech Used (0) 0 Bonus (0) 0 TOTAL SCORE: 1075 Bonus ------- None Cogmind --------- Core Integrity 0/250 Matter 290/300 Energy 200/200 System Corruption 0% Temperature Cool (0) Movement Rolling (95) Ox1 Location -10/Subcaves Parts ------- > --- POWER (1) -------- Subdweller Power Source > --- PROPULSION (2) --- Wheel > --- UTILITY (2) ------ Disposable Heat Sink Subdweller Optics > --- WEAPON (2) ------- Subdweller Laser Subdweller Machine Gun > --- INVENTORY (5) ---- Aluminum Leg Huge Storage Unit Medium Laser Ripper Peak State ------------ > --- POWER ------------ Subdweller Power Source > --- PROPULSION ------- Light Treads Wheel > --- UTILITY ---------- Subdweller Optics > --- WEAPON ----------- Subdweller Laser Ripper > --- INVENTORY -------- Aluminum Leg Huge Storage Unit Medium Laser Subdweller Beam Cannon Subdweller Machine Gun [Rating: 12] Favorites ----------- Power Ion Engine Engine Ion Engine Propulsion Light Treads Treads Light Treads Leg Aluminum Leg Wheel Wheel Utility Huge Storage Unit Device Subdweller Optics Storage Huge Storage Unit Protection Scrap Shield Weapon Medium Laser Energy Gun Medium Laser Energy Cannon Subdweller Beam Cannon Ballistic Gun Light Assault Rifle Slashing Weapon Ripper Build | -11 -10 -10 ------- Run | Yrd Mat Sub Slots Evolved . | . . . Power . | . . . Propulsion . | . . . Utility . | . . . Weapon . | . . . Parts Attached 32 | 6 11 15 Power 2 | 1 . 1 Engine 2 | 1 . 1 Core . | . . . Reactor . | . . . Propulsion 12 | 2 7 3 Treads 10 | 2 6 2 Leg 1 | . 1 . Wheel 1 | . . 1 Hover . | . . . Flight . | . . . Utility 7 | 1 1 5 Device 4 | . . 4 Storage 2 | 1 1 . Processor . | . . . Hackware . | . . . Protection 1 | . . 1 Artifact . | . . . Weapon 11 | 2 3 6 Energy Gun 5 | 2 1 2 Energy Cannon 2 | . . 2 Ballistic Gun 3 | . 2 1 Ballistic Cannon . | . . . Launcher . | . . . Special Weapon . | . . . Impact Weapon . | . . . Slashing Weapon 1 | . . 1 Piercing Weapon . | . . . Special Melee Weapon . | . . . Unidentified Prototypes . | . . . Parts Lost 7 | . 2 5 Power . | . . . Propulsion 4 | . 1 3 Utility 1 | . . 1 Weapon 2 | . 1 1 Highest Loss Streak 2 | . 1 2 To Critical Strikes . | . . . Average Slot Usage (%) 85 | . 84 87 Engine 14 | . 14 14 Treads 25 | . 26 23 Wheel 1 | . . 4 Device 4 | . . 9 Storage 10 | . 14 5 Protection 1 | . . 2 Energy Gun 15 | . 15 14 Energy Cannon 5 | . . 12 Ballistic Gun 7 | . 11 1 Naked Turns . | . . . Heaviest Build 97 | 14 88 97 Greatest Support 40 | 40 40 40 Greatest Overweight (x) 2 | . 2 2 Average Overweight (x) . | . . . Largest Inventory Capacity 25 | 8 25 25 Average Capacity 14 | 7 16 12 Most Carried 9 | 6 8 9 Average Carried 6 | 3 7 6 Final Capacity 25 | 8 25 5 Final Carried 8 | 6 8 4 Class Distribution -------------------- 73% | Mutant 18% | Scavenger-Mutant 7% | Subdweller-Mutant Dominant Class ---------------- Mutant | -10/Materials Scavenger-Mutant | -10/Subcaves Resources | -11 -10 -10 ----------- Run | Yrd Mat Sub Matter Collected 539 | 260 135 144 Remotely . | . . . Salvage Created 851 | 83 390 378 Parts 44 | . 23 21 Haulers Intercepted 2 | . 2 . Recyclers Shooed . | . . . Parts Field Recycled . | . . . Retrieved Matter . | . . . Parts Self-Destructed 17 | . . 17 Prevented . | . . . Kills | -11 -10 -10 ------- Run | Yrd Mat Sub Combat Hostiles Destroyed 17 | . 7 10 Guns 11 | . 6 5 Cannons 5 | . . 5 AOE 1 | . 1 . Classes Destroyed 9 | 1 6 2 Worker 1 | . 1 . Hauler 2 | . 2 . Recycler 1 | 1 . . Operator 1 | . 1 . Watcher 1 | . 1 . Swarmer 6 | . 3 3 Grunt 4 | . 4 . Sentry 1 | . . 1 Subdweller 6 | . . 6 Best Kill Streak 3 | 1 3 3 Combat Bots Only 3 | . 3 3 Max Kills in Single Turn 1 | 1 1 1 Gunslinging . | . . . Exploded 1 | . 1 . Melee . | . . . Uniques/NPCs Destroyed . | . . . Combat | -11 -10 -10 -------- Run | Yrd Mat Sub Hostile Shots Fired 117 | . 46 71 Missed 34 | . 13 21 Damage Taken 1488 | . 481 1007 Core 267 | . 61 206 Absorbed by Shields . | . . . Core Remaining (%) 100 | 100 . . Volleys Fired 125 | 2 67 56 Largest 2 | 2 2 2 Hottest 140 | 90 90 140 Shots Fired 216 | 4 117 95 Gun 167 | 4 117 46 Cannon 49 | . . 49 Launcher . | . . . Special . | . . . Kinetic 43 | . 37 6 Thermal 154 | 2 63 89 Explosive . | . . . Electromagnetic 19 | 2 17 . Robot Hit Streak 13 | 1 9 13 Robot Miss Streak 3 | 2 3 3 Penetration Max . | . . . Secondary Targets 1 | . 1 . Max Gunslinging Chain 1 | . 1 . Shots Hit Robots 120 | 1 73 46 Core Hits 32 | 1 20 11 Critical Kills . | . . . Critical Parts Destroyed . | . . . Critical Strikes 8 | . 7 1 Burn 8 | . 7 1 Melee Attacks 3 | . . 3 Impact . | . . . Slashing 3 | . . 3 Piercing . | . . . Sneak Attacks . | . . . Combat Hostiles . | . . . Follow-up Attacks . | . . . Damage Inflicted 1858 | 15 918 925 Guns 1266 | 15 841 410 Cannons 515 | . . 515 Explosions 74 | . 74 . Melee . | . . . Ramming 3 | . 3 . Kinetic 225 | . 142 83 Thermal 1486 | . 644 842 Explosive . | . . . Electromagnetic 144 | 15 129 . Impact . | . . . Slashing . | . . . Piercing . | . . . Highest Corruption . | . . . Average Corruption . | . . . Corruption Purged . | . . . Corruption Blocked . | . . . Overload Shots . | . . . Overflow Damage 7 | . 7 . Projectiles . | . . . Explosions 7 | . 7 . Melee . | . . . Knockbacks . | . . . Impact . | . . . Kinetic . | . . . Secondary . | . . . Self-Inflicted Damage 52 | . 52 . Shots 1 | . 1 . Rammed 1 | . 1 . Targets Rammed 1 | . 1 . Kicked . | . . . Crushed . | . . . Highest Temperature 457 | 60 422 457 Average Temperature 109 | 30 127 80 Received Heat Transfer 775 | . 210 565 Effects 6 | . 4 2 Shutdowns 1 | . 1 . Energy Bleed 3 | . 2 1 Interference 1 | . 1 . Damage (minor) 1 | . . 1 Siege Activations . | . . . Robots Corrupted . | . . . Combat Hostiles . | . . . Parts Fried 2 | . 2 . Impact Corruptions . | . . . Robots Melted . | . . . Combat Hostiles . | . . . Parts Melted 6 | . 3 3 Heat Transferred 3679 | . 2270 1409 Parts Sabotaged . | . . . Parts Stolen . | . . . Parts Stripped . | . . . Power Chain Reactions 1 | . 1 . Alert | -11 -10 -10 ------- Run | Yrd Mat Sub Peak Influence 202 | 5 202 . Initial 3 | . 3 . Average 34 | . 37 . Maximum Alert Level 1 | . 1 . Low Security (%) 98 | 100 97 . Level 1 1 | . 2 . Level 2 . | . . . Level 3 . | . . . Level 4 . | . . . Level 5 . | . . . High Security . | . . . Max Security . | . . . Squads Dispatched 1 | . 1 . Investigation . | . . . Extermination . | . . . Reinforcement 1 | . 1 . Assault . | . . . Garrison . | . . . Intercept . | . . . Searches Triggered . | . . . Construction Impeded . | . . . Haulers Reinforced . | . . . Active Scanning Responses . | . . . Cargo Convoy Interrupts . | . . . Stealth | -11 -10 -10 --------- Run | Yrd Mat Sub Distress Signals 2 | . 2 . Communications Jammed . | . . . Distress Signals . | . . . Times Spotted 34 | . 18 16 Peak Tracking Total 5 | . 5 5 Tactical Retreats 2 | . 1 1 Traps | -11 -10 -10 ------- Run | Yrd Mat Sub Traps Triggered 3 | . 3 . Indirectly . | . . . Trap Hack Attempts . | . . . Triggered . | . . . Disarmed . | . . . Reprogrammed . | . . . Reused . | . . . Traps Extracted . | . . . Installed . | . . . Triggered . | . . . Machines | -11 -10 -10 ---------- Run | Yrd Mat Sub Machines Disabled 1 | . 1 . Max in Single Turn 1 | . 1 . Machines Repaired . | . . . Machines Dismantled . | . . . Machines Sabotaged . | . . . Overloaded Fab Kills . | . . . Hacking | -11 -10 -10 --------- Run | Yrd Mat Sub Machines Accessed 4 | . 4 . Terminals 3 | . 3 . Fabricators . | . . . Repair Stations . | . . . Recycling Units 1 | . 1 . Scanalyzers . | . . . Garrison Access . | . . . Total Hacks 9 | . 9 . Successful 4 | . 4 . Failed 5 | . 5 . Catastrophic 2 | . 2 . Database Lockouts . | . . . Manual . | . . . Terminals 7 | . 7 . Fabricators . | . . . Repair Stations . | . . . Recycling Units 2 | . 2 . Scanalyzers . | . . . Garrison Access . | . . . Terminal Hacks 3 | . 3 . Level Access Points 1 | . 1 . Branch Access Points 1 | . 1 . Hauler Manifests 1 | . 1 . Fabricator Hacks . | . . . Repair Station Hacks . | . . . Recycling Unit Hacks 1 | . 1 . Retrieve Components 1 | . 1 . Scanalyzer . | . . . Garrison Access Hacks . | . . . Unauthorized Hacks . | . . . Terminals . | . . . Fabricators . | . . . Repair Stations . | . . . Recycling Units . | . . . Scanalyzers . | . . . Garrison Access . | . . . Data Cores Recovered . | . . . Used . | . . . Hacking Detections 2 | . 2 . Full Trace Events . | . . . Feedback Events . | . . . Feedback Blocked . | . . . Robot Schematics Acquired . | . . . Robots Built . | . . . Authchips . | . . . Time . | . . . Total Robot Build Rating . | . . . Part Schematics Acquired . | . . . Parts Built . | . . . Authchips . | . . . Time . | . . . Total Part Build Rating . | . . . Parts Repaired . | . . . Time . | . . . Parts Recycled . | . . . Recycled Matter . | . . . Retrieved Matter . | . . . Retrieved Components 10 | . 10 . Parts Scanalyzed . | . . . Part Schematics Acquired . | . . . Parts Damaged . | . . . Bothacking | -11 -10 -10 ------------ Run | Yrd Mat Sub Used RIF Installer . | . . . Robots Hacked . | . . . Non-combat . | . . . Combat . | . . . Robot Hacks Applied . | . . . Relay Couplers Released . | . . . Fabnet Peak Effective % . | . . . Robots Rewired . | . . . Allies Hacked . | . . . Hacks Repelled . | . . . Allies | -11 -10 -10 -------- Run | Yrd Mat Sub Total Allies . | . . . Largest Group . | . . . Highest-Rated Group . | . . . Highest-Rated Ally . | . . . Total Orders . | . . . Ally Attacks . | . . . Total Damage . | . . . Kills . | . . . Allies Corrupted . | . . . Allies Melted . | . . . Intel | -11 -10 -10 ------- Run | Yrd Mat Sub Robot Analysis Total . | . . . Derelict Logs Recovered 1 | . . 1 Drone Launches . | . . . Drone Recoveries . | . . . Exploration | -11 -10 -10 ------------- Run | Yrd Mat Sub Turns Passed 2503 | 144 1349 1010 Spaces Moved 917 | 82 360 475 Core 8 | 8 . . Treads 688 | 74 360 254 Legs . | . . . Wheels 221 | . . 221 Hover . | . . . Flight . | . . . Fastest Speed 50 | 50 160 95 Average Speed 175 | 149 191 167 Slowest Speed 320 | 160 320 320 Overloaded Moves . | . . . Propulsion Burnouts . | . . . Robots Hopped . | . . . Cave-ins Triggered . | . . . Exploration Rate (%) 33 | 6 56 37 Regions Visited 2 Branch Regions 1 Pre-discovered Areas 1 | . . 1 Known Exits Taken . | . . . Unknown Exits Taken 2 | 1 1 . Scrap Searched 2 | . . 2 Spaces Dug 4 | . . 4 Terrain Destroyed 15 | . 5 10 Melee 1 | . . 1 Projectile 9 | . . 9 AOE 5 | . 5 . Terrain Rammed . | . . . Walls Destroyed . | . . . Machines Disabled . | . . . Actions | -11 -10 -10 --------- Run | Yrd Mat Sub Total 1596 | 97 908 591 Wait 489 | 2 466 21 Move 915 | 81 359 475 Hop . | . . . Pick Up 12 | 6 1 5 Fast Attach 17 | 6 5 6 Attach 5 | . 2 3 Detach 1 | . . 1 Swap 10 | . 4 6 Drop 16 | . 3 13 Fire 125 | 2 67 56 Melee 3 | . . 3 Ram . | . . . Kick . | . . . Crush 1 | . 1 . Escape Stasis . | . . . Rewire . | . . . Trap . | . . . Miscellaneous 2 | . . 2 Route ------- -11/Scrapyard -10/Materials (discovered 6 exits: *Mat x3 / *Min x2 / [*Sub]) -10/Subcaves (discovered 1 exit: [*Rec]) History --------- Turn | Location | Event 4 | -11/Scrapyard | Discovered new exit (range 15) 145 | -11/Scrapyard | Entered Materials 152 | -10/Materials | Identified exit to Mines 311 | -10/Materials | Build established: Mutant 767 | -10/Materials | Identified exit to Materials 1465 | -10/Materials | Discovered new exit (range 5) 1494 | -10/Materials | Entered Subcaves 1509 | -10/Subcaves | Shifting Twisted Machinery released Ripper 1520 | -10/Subcaves | Shifting Twisted Machinery released Sub. Monowheel 1935 | -10/Subcaves | Core integrity fell below 50% 2139 | -10/Subcaves | Learned location of Storage (-8) 2196 | -10/Subcaves | Discovered new exit (range 16) 2336 | -10/Subcaves | A swath of the cavern ceiling suddenly collapsed 2464 | -10/Subcaves | Core integrity fell below 20% 2504 | -10/Subcaves | Disturbed a concealed Subdweller 2504 | -10/Subcaves | Destroyed by NC-7GZ(R) with Subdweller Machine Gun Last Messages --------------- 02217_ Acquired 10 matter. 02219_ Lgt. Assault Rifle fries itself beyond repair. 02220_ Flight Unit fries itself beyond repair. 02220_ Lgt. Assault Rifle fries itself beyond repair. 02223_ Flight Unit fries itself beyond repair. 02246_ Searching scrap... 02246_ Found Sub. Machine Gun. 02246_ Found 16 Matter. 02248_ Acquired Sub. Machine Gun. A swath of the cavern ceiling suddenly collapses. 02446_ NX-IZZ(R) destroyed. 02450_ Dropped Sub. Laser. 02452_ Acquired 30 matter. 02454_ Subatomizers dissect the Sub. Optics. 02459_ Sub. Beam Cannon destroyed. 02461_ Lgt. Treads destroyed. 02470_ X3-BI7(R) destroyed. 02476_ Acquired 13 matter. 02479_ Acquired Disposable Heat Sink. 02504_ NC-7GZ(R) angrily emerges from the Twisted Machinery. Map ----- +----------------------------------------------------+ | | | | | | | | | | | | | | | | | | | | | | | | | | | | | | | | | ???????????????????????????????????????????????? | | ???????????????????????????????????????????????? | | ???????????????????????????????????????????????? | | ???????????????????????????????????????????????? | | ???????????????????????????????????????????????? | | ???????????????????????????????????????????????? | | ???????????????????????????????????????????????? | | ???????????????????????????????????????????????? | | ????????????????????#######????????????????????? | | ????????????????????#< @R<#????????????????????? | | ????????????????????#$$##&#????????????????????? | | ????????????????????#### #????????????????????? | | ????????????????????###" ##????????????????????? | | ????????????????????# ## ##????????????????????? | | ????????????????????# " "###????????##????????? | | ????????????????????# ##??????## ##??????? | | ????????????????????# ######?# ###??## | | ????????????????????## ##??#" ####" | | ????????????????????## #??#""!=""### | | ????????????????????# ##???#""|"/### | | ????????????????????## ##????###"%"[ # | | ?????????????????????# ##??????## ""# # | | ?????????????????????## #######?## """## | | ??????????????????????## ### # ### """"### | | ???????????????????????####?## % "" "" | | ?????????????????????????????#### " ## """" | | ????????????????????????????????##########""" | | ?????????????????????????????????????????##### # | | ?????????????????????????????????????????????### | | ???????????????????????????????????????????????? | | ???????????????????????????????????????????????? | | ???????????????????????????????????????????????? | | ???????????????????????????????????????????????? | | ???????????????????????????????????????????????? | +----------------------------------------------------+ Best States ------------- Heat Dissipation 25 Coolant Potential 50 Energy Generation 15 Energy Capacity 250 Matter Stores 300 Matter Capacity 300 Sight Range 21 Terrain Scan Density 10 Armor Coverage 800 Evasion (%) 41 Recoil Reduction 2 Item Schematics ----------------- None Robot Schematics ------------------ None Fabricated ------------ Nothing Alien Tech Used ----------------- None Achievements -------------- None Challenges ------------ None Game ------ Seed DispersionSpikedShredder Manual? 0 Play Time 00:15:19 Cumulative 127.5 hours Start 2024.05.07 @ 11:51:19 End 2024.05.07 @ 17:33:21 Sessions 3 Manual Loads 0 Difficulty Rogue Special Mode None Game No. 65 Rogue 24 Adventurer 16 Explorer 25 Win Type - Total 22 Types 15/5/0/1/0/0/0/1/0 Lore% 74 Gallery% 80 Achievement% 74 Wizard Run 0 Options --------- Layout 0 ASCII 0 Keyboard 0 Movement Mouse Keybinds 0 Fullscreen 1 Font 24/Terminus Map View 76x50 Zoom Use 0% Tactical HUD 1 Map Filters NONE Filters NONE Steam 1 RUN: 6dac72ed-d8f0-4abf-bddc-fa0f5743a99a